 Dungeon Crawl Stone Soup version 0.30-a0-374-g95c0257040 (webtiles) character file.

Game seed: 3257331463524852358

5690 pokeman the Thaumaturge (level 10, -2/58 HPs)
             Began as a Deep Elf Hedge Wizard on Nov 26, 2022.
             Was an Initiate of Vehumet.
             Killed from afar by an electric eel (7 damage)
             ... with a bolt of electricity
             ... on level 9 of the Dungeon.
             The game lasted 00:20:18 (9806 turns).

pokeman the Thaumaturge (Deep Elf Hedge Wizard)     Turns: 9806, Time: 00:20:18

Health: -2/58      AC:  9    Str:  7    XL:     10   Next: 47%
Magic:  32/39      EV: 11    Int: 24    God:    Vehumet [......]
Gold:   476        SH:  0    Dex: 14    Spells: 30/38 levels left

rFire   . . .      SeeInvis .    a - staff of conjuration
rCold   . . .      Faith    .    (no shield)
rNeg    . . .      Spirit   .    I - +0 acid dragon scales
rPois   .          Reflect  .    n - +0 helmet
rElec   .          Harm     .    p - +0 cloak
rCorr   +          Rampage  .    (no gloves)
Will    +....                    (no boots)
Stlth   ++........               (no amulet)
HPRegen 0.29/turn                e - ring of magical power
MPRegen 0.26/turn                s - ring of wizardry

@: on blink cooldown
A: no striking features
a: Renounce Religion


You were on level 9 of the Dungeon.
You worshipped Vehumet.
Vehumet was noncommittal.
You visited 2 branches of the dungeon, and saw 10 of its levels.

You collected 476 gold pieces.

Inventory:

Hand Weapons
 E - a +2 dagger of venom
Missiles
 u - a curare-tipped dart
Armour
 n - a +0 helmet (worn)
 p - a +0 cloak (worn)
 x - the +0 ring mail of the Kettle-Drum {*Corrode rElec Int+5 SInv}
   (You found it on level 6 of the Dungeon)

   Int:       It affects your intelligence (+5).
   rElec:     It insulates you from electricity.
   SInv:      It lets you see invisible.
   *Corrode:  It may corrode you when you take damage.
 I - +0 acid dragon scales (worn)
Magical Staves
 a - a staff of conjuration (weapon)
Jewellery
 e - a ring of magical power (left hand)
 q - a +4 ring of evasion
 s - a ring of wizardry (right hand)
 t - a ring of flight
 C - a +6 ring of strength
Wands
 y - a wand of paralysis (6)
 z - a wand of mindburst (11)
 F - a wand of flame (5)
Scrolls
 f - 2 scrolls of identify {unknown}
 g - 3 scrolls of immolation {unknown}
 h - 5 scrolls of amnesia {unknown}
 j - 3 scrolls of magic mapping {unknown}
 k - 5 scrolls of teleportation {unknown}
 o - 2 scrolls of fog {unknown}
 v - 2 scrolls of poison {unknown}
 B - a scroll of vulnerability {unknown}
 G - a scroll of enchant armour {unknown}
 H - a scroll of torment {unknown}
Potions
 b - 4 potions of curing {unknown}
 c - 2 potions of lignification {unknown}
 d - a potion of magic
 i - 2 potions of invisibility {unknown}
 l - a potion of degeneration {unknown}
 m - a potion of haste
 r - 2 potions of berserk rage {unknown}
 w - a potion of mutation {unknown}
 A - 2 potions of might {unknown}
 D - a potion of flight {unknown}


   Skills:
 + Level 4.5 Fighting
 - Level 4.0 Armour
 - Level 3.0 Dodging
 - Level 3.0 Stealth
 * Level 14.7 Spellcasting
 + Level 8.5 Conjurations
 - Level 1.1 Summonings
 - Level 1.1 Translocations
 - Level 1.0 Air Magic
 - Level 1.3 Poison Magic
 - Level 1.1 Evocations


You had 30 spell levels left.
You knew the following spells:

 Your Spells              Type           Power      Damage    Failure   Level
a - Magic Dart            Conj           100%       1d8       1%          1
b - Mephitic Cloud        Conj/Pois/Air  51%        N/A       1%          3
c - Call Imp              Summ           22%        N/A       2%          2
d - Blink                 Tloc           44%        N/A       2%          2

Your spell library contained the following spells:

 Spells                   Type           Power      Damage    Failure   Level
 Slow                     Hex            68%        N/A       2%          1
 Cigotuvi's Dreadful Rot  Necr/Pois/Air  42%        N/A       2%          2
 Vhi's Electric Charge    Tloc/Air       44%        N/A       4%          3
 Arcjolt                  Conj/Air       28%        1d38      9%          5
 Manifold Assault         Tloc           22%        N/A       16%         4
 Storm Form               Tmut/Air       10%        N/A       100%        7
 Maxwell's Capacitive Co  Air            11%        ∞         100%        8


Dungeon Overview and Level Annotations

Branches:
Dungeon (9/15)             Temple (1/1) D:7
   Lair: D:8-11         Orc: D:9-12

Altars:
Ashenzari
Cheibriados
Dithmenos
Elyvilon
Fedhas
Gozag
Hepliaklqana
Kikubaaqudgha
Makhleb
Nemelex Xobeh
Okawaru
Qazlal
Ru
Sif Muna
Trog
Uskayaw
Vehumet
Wu Jian
Xom
Yredelemnul
Zin

Shops:
D:7 =


Message History

The puff of frost hits you!
Unknown command.
The unseen horror simulacrum misses you.
The yak is engulfed in noxious fumes.
Casting: Mephitic Cloud (safe; 1% risk of failure)
Confirm with . or Enter, or press ? or * to list all spells.
A beastly little devil appears in a puff of frigid air.
The unseen horror simulacrum closely misses you.
The unseen horror simulacrum barely misses you.
The unseen horror simulacrum hits you.
The unseen horror simulacrum freezes you!
The yak is engulfed in noxious fumes.
Casting: Call Imp (safe; 2% risk of failure)
Confirm with . or Enter, or press ? or * to list all spells.
Aiming: Magic Dart (safe; 1% risk of failure)
Press: ? - help, Shift-Dir - straight line, f/p - yak
Aim: a yak (lightly wounded, confused, 100% to hit)
You feel a surge of power!
The magic dart hits the unseen horror simulacrum.
The unseen horror simulacrum is lightly damaged.
The unseen horror simulacrum hits you but does no damage.
The unseen horror simulacrum hits you.
The unseen horror simulacrum freezes you!!
* * * LOW HITPOINT WARNING * * *
The yak closely misses your white imp.
The unseen horror simulacrum hits you but does no damage.
Your white imp barely misses the unseen horror simulacrum.
Unknown command.
Unknown command.
Casting: Magic Dart (safe; 1% risk of failure)
Confirm with . or Enter, or press ? or * to list all spells.
You blink.
An electric eel comes into view.
Your white imp hits the white imp but does no damage.
Unknown command.
Unknown command.
Found 18 gold pieces.
The electric eel shoots out a bolt of lightning at you!
The bolt of electricity hits you!
You die...

##.## ##...# ## #....#
.. #....# #. ##.#####.#
#. .........# #.
##.####### #.## #####
#.# #..##..... #.#
##@..~~~.. #.#
##.Z~~~≈~~. #.#
#...○..~~~. #.#
#####Y5☼~~≈~≈≈~ #.#
#≈≈≈~5..~≈~~~≈~
##.###########.#..Y....$
...........# #.##....S~~
##.#######.# #.# ###....
#.# #.# #.# ###


You could see a yak (confused), an ice beast, an electric eel, a white imp, an
unseen horror simulacrum (ally target) and a friendly white imp (summoned).

Vanquished Creatures
  2 two-headed ogres
  3 kobold demonologists (D:5)
  A troll (D:8)
  2 hornets
  A steam dragon (D:9)
  A water moccasin (D:7)
  An orc warrior (D:6)
  2 black bears (D:7)
  4 ice beasts
  An ogre (D:5)
  2 centaurs
  2 phantoms
  2 kobold brigands
  3 bullfrogs
  A gnoll sergeant (D:7)
  3 necrophages
  A scorpion (D:5)
  5 killer bees (D:7)
  5 hounds
  2 jellies (D:6)
  4 orc priests
  Natasha (thrice) (D:3)
  Terence (D:2)
  3 iguanas
  4 orc wizards
  14 adders
  12 gnolls
  2 shadow imps
  3 white imps
  An ufetubus (D:5)
  2 worms
  4 dart slugs
  24 orcs
  8 ball pythons
  7 endoplasms
  4 giant cockroaches
  7 goblins
  11 hobgoblins
  4 quokkas
  4 bats
  A frilled lizard (D:3)
  4 kobolds
  3 rats (D:1)
174 creatures vanquished.

Vanquished Creatures (collateral kills)
  A gnoll bouda (D:8)
1 creature vanquished.

Grand Total: 175 creatures vanquished

Notes
Turn   | Place    | Note
-------+----------+-------------------------------------------
     0 | D:1      | pokeman the Deep Elf Hedge Wizard began the quest for the
                  | Orb.
     0 | D:1      | Reached XP level 1. HP: 10/10 MP: 7/7
   337 | D:1      | Reached XP level 2. HP: 15/15 MP: 7/9
   910 | D:1      | Reached skill level 5 in Spellcasting
  1177 | D:2      | Found a shimmering altar of Xom.
  1199 | D:2      | Reached XP level 3. HP: 20/20 MP: 8/11
  1203 | D:2      | Learned a level 3 spell: Mephitic Cloud
  1206 | D:2      | Learned a level 2 spell: Call Imp
  1209 | D:2      | Learned a level 2 spell: Blink
  1351 | D:2      | Reached skill level 1 in Armour
  1558 | D:2      | Noticed Terence
  1590 | D:2      | Killed Terence
  1591 | D:2      | Reached skill level 1 in Fighting
  1591 | D:2      | Reached XP level 4. HP: 5/25 MP: 1/13
  2288 | D:2      | Reached XP level 5. HP: 29/29 MP: 13/15
  2544 | D:3      | Reached skill level 6 in Spellcasting
  2795 | D:3      | Noticed Natasha
  2799 | D:3      | Killed Natasha
  2800 | D:3      | Reached skill level 1 in Air Magic
  2984 | D:3      | Noticed Natasha
  2987 | D:3      | Killed Natasha
  3076 | D:3      | Found a shimmering blue altar of Sif Muna.
  3076 | D:3      | Found a shadowy altar of Dithmenos.
  3369 | D:3      | Noticed Natasha
  3372 | D:3      | Killed Natasha
  3580 | D:4      | Reached skill level 1 in Poison Magic
  3794 | D:4      | Reached skill level 1 in Evocations
  3794 | D:4      | Reached XP level 6. HP: 31/34 MP: 9/17
  4037 | D:4      | Reached skill level 7 in Spellcasting
  4070 | D:4      | Found a stormy altar of Qazlal.
  4324 | D:5      | Entered Level 5 of the Dungeon
  4487 | D:5      | Found a hide-covered altar of Uskayaw.
  4505 | D:5      | Reached XP level 7. HP: 39/39 MP: 12/20
  4518 | D:5      | Reached skill level 8 in Spellcasting
  4644 | D:5      | Found a sacrificial altar of Ru.
  4777 | D:5      | Noticed a +0 dagger
  4778 | D:5      | Noticed a +0 hand axe
  5241 | D:5      | Reached skill level 9 in Spellcasting
  5377 | D:6      | Noticed a kobold demonologist
  5385 | D:6      | Noticed a kobold demonologist
  5389 | D:6      | Noticed a kobold demonologist
  5393 | D:6      | Noticed a rust devil
  5556 | D:5      | Reached XP level 8. HP: 40/45 MP: 12/23
  5645 | D:6      | Noticed a sixfirhy
  5648 | D:5      | Noticed an orange demon
  5670 | D:5      | Noticed a hellwing
  5679 | D:5      | Killed a kobold demonologist
  5680 | D:5      | Reached skill level 5 in Conjurations
  5698 | D:5      | Noticed a rust devil
  5699 | D:5      | Noticed a hellwing
  5701 | D:5      | HP: 1/46 [white imp/puff of frost[a kobold demonologist]
                  | (8)]
  5701 | D:5      | Killed a kobold demonologist
  5702 | D:5      | Reached skill level 10 in Spellcasting
  5734 | D:5      | Killed a kobold demonologist
  5735 | D:5      | Reached skill level 11 in Spellcasting
  6110 | D:6      | Identified the +0 ring mail of the Kettle-Drum {*Corrode
                  | rElec Int+5 SInv}
  6144 | D:6      | Reached XP level 9. HP: 48/51 MP: 17/26
  6605 | D:6      | Reached skill level 12 in Spellcasting
  7050 | D:6      | Found a broken altar of Ashenzari.
  7636 | D:7      | Reached skill level 13 in Spellcasting
  7779 | D:7      | Found Mecruph Vest's Jewellery Shop.
  7896 | D:7      | Found a snail-covered altar of Cheibriados.
  7903 | D:7      | Found a burning altar of Makhleb.
  8136 | D:7      | Found a staircase to the Ecumenical Temple.
  8146 | Temple   | Entered the Ecumenical Temple
  8169 | Temple   | Became a worshipper of Vehumet
  8483 | D:8      | Noticed a troll
  8522 | D:8      | Killed a troll
  8523 | D:8      | Reached XP level 10. HP: 18/56 MP: 5/29
  9300 | D:9      | Noticed a two-headed ogre
  9333 | D:8      | Killed a two-headed ogre
  9334 | D:8      | Reached skill level 14 in Spellcasting
  9590 | D:9      | Noticed a two-headed ogre
  9603 | D:9      | Killed a two-headed ogre
  9806 | D:9      | Killed from afar by an electric eel

Illustrated notes

Levels and vault maps discovered:
D:1:      dpeg_cavernosity, layout_rooms
D:2:      layout_loops_cross, basic_altar, uniq_terence
D:3:      layout_loops_ring, nicolae_overflow_two_pavilions, uniq_natasha
D:4:      layout_basic, nicolae_qazlal_eye_of_the_storm
D:5:      layout_rooms, mainiacjoe_overflow_concentric_impassable,
          dancing_weapons_uskayaw, kennysheep_generic_room_4
D:6:      layout_rooms, ashenzari_altar_1
D:7:      layout_loops_ring, mainiacjoe_overflow_surrounded_room,
          kennysheep_mini, minmay_temple_entry_trees, serial_shops, shop
D:8:      layout_basic
D:9:      layout_loops_ring, serial_ice, serial_ice_d, serial_ice_k,
          serial_ice_b, serial_ice_a, dreamdust_wishing_well,
          minmay_misc_feat_encased, hangedman_abyss_or_decor_stagger
Temple:   nicolae_temple_ecumenical_triangle

Skill      XL: |  1  2  3  4  5  6  7  8  9 10 |
---------------+-------------------------------+-----
Spellcasting   | 5 6 7 9 11 13 14 | 14.7
Armour         | 1 2 4 |  4.0
Fighting       | 1 2 3 4 |  4.5
Conjurations   | 2 3 4 6 7 8 |  8.5
Dodging        | 3 |  3.0
Air Magic      | 1 |  1.0
Stealth        | 3 |  3.0
Poison Magic   | 1 |  1.3
Evocations     | 1 |  1.1
Summonings     | |  1.1
Translocations | |  1.1

Action                   |  1- 3 |  4- 6 |  7- 9 | 10-12 || total
-------------------------+-------+-------+-------+-------++-------
Melee: Dagger            |     8 |     2 |     6 |     9 ||    25
       Punch             |     1 |       |       |       ||     1
       Rapier            |       |     4 |       |       ||     4
       Staff             |       |     1 |    44 |     4 ||    49
 Cast: Magic Dart        |    81 |   143 |   357 |    77 ||   658
       Mephitic Cloud    |     1 |     3 |    34 |     9 ||    47
       Call Imp          |     1 |       |     8 |     3 ||    12
       Blink             |       |       |     8 |     2 ||    10
Evoke: Wand              |       |       |       |     8 ||     8
 Stab: Sleeping          |     1 |     2 |       |       ||     3
       Confused          |       |       |     7 |       ||     7
Armor: Leather armour    |     2 |     7 |    29 |     4 ||    42
       Acid dragon scale |       |       |       |     7 ||     7
Dodge: Dodged            |    10 |    14 |   153 |    38 ||   215

Table legend: (Time is in decaauts)
 A = Elapsed time spent in this place.
 B = Non-inter-level travel time spent in this place.
 C = Inter-level travel time spent in this place.
 D = Time resting spent in this place.
 E = Time spent auto-exploring this place.
 F = Levels seen in this place.
 G = Mean time per level.
                   A        B        C        D        E       F      G
               +--------+--------+--------+--------+--------+-----+--------+
         Total |   9820 |   9442 |    378 |    283 |   7591 |  10 |  982.0 |
       Dungeon |   9781 |   9417 |    364 |    283 |   7579 |   9 | 1086.8 |
        Temple |     38 |     24 |     14 |      0 |     12 |   1 |   38.0 |
               +--------+--------+--------+--------+--------+-----+--------+

Top non-repeatable levels by time:
     D:5: 1729 daAuts
     D:2: 1315 daAuts
     D:7: 1272 daAuts
     D:1: 1177 daAuts
     D:6: 1054 daAuts
     D:8: 991 daAuts
     D:3: 944 daAuts
     D:4: 885 daAuts
     D:9: 409 daAuts
  Temple: 38 daAuts
